 Dungeon Crawl Stone Soup version 0.28-a0-984-g3775c662fe (webtiles) character file.

Game seed: 5842872089522260396

246 demibob the Poker (level 5, -1/66 HPs)
             Began as a Demonspawn Wanderer on Dec 4, 2021.
             Was a Follower of Cheibriados.
             Slain by Duvessa (14 damage)
             ... on level 4 of the Dungeon.
             The game lasted 00:05:38 (4641 turns).

demibob the Poker (Demonspawn Wanderer)             Turns: 4641, Time: 00:05:39

Health: -1/66      AC:  2    Str: 16    XL:     5   Next: 84%
Magic:  5/5        EV: 12    Int: 16    God:    Cheibriados [*.....]
Gold:   121        SH:  0    Dex: 17    Spells: 4/4 levels left

rFire   . . .      SeeInvis .   a - +1 spear
rCold   . . .      Faith    .   (no shield)
rNeg    . . .      Spirit   .   d - +0 robe
rPois   .          Reflect  .   (no helmet)
rElec   .          Harm     .   (no cloak)
rCorr   .          Rampage  .   (no gloves)
Will    .....                   (no boots)
Stlth   ..........              (no amulet)
HPRegen 0.21/turn               (no ring)
MPRegen 0.09/turn               (no ring)

@: berserking (expiring), invisible, very slow
A: powered by death 2, weakness stinger 1
a: Renounce Religion, Bend Time


You were on level 4 of the Dungeon.
You worshipped Cheibriados.
Cheibriados was aware of your devotion.
You visited 1 branch of the dungeon, and saw 4 of its levels.

You collected 121 gold pieces.


Innate Abilities, Weirdness & Mutations

You regenerate health from kills.
You have a small tail.


   Skills:
 - Level 5.0 Fighting
 + Level 5.6 Polearms
 - Level 1.0 Dodging
 - Level 1.0 Shields
 - Level 1.0 Evocations


You had 4 spell levels left.
You didn't know any spells.
Your spell library contained the following spells:

 Spells                   Type           Power      Damage    Failure   Level
 Magic Dart               Conj           0%         1d3       26%         1
 Call Imp                 Summ           0%         N/A       36%         2
 Mephitic Cloud           Conj/Pois/Air  0%         N/A       58%         3

Inventory:

Hand Weapons
 a - a +1 spear (weapon)
Missiles
 e - 6 javelins (quivered)
Armour
 d - a +0 robe (worn)
Scrolls
 c - a scroll of teleportation {@r2}
 h - a scroll of noise

Dungeon Overview and Level Annotations

Branches:
Dungeon (4/15)
 Temple: D:4-7

Altars:
Cheibriados
Sif Muna

Shops:
D:1 [

Annotations:
D:3 2 runed translucent doors, fragbeetle's ghost, amateur OgWr
D:4 Dowan; Duvessa

##########
#....#...
#....#..
#..###.#
####'###.##+##
#...<.....@ee#
#........w)..+
##..###..##..#
##..####+##..#
#....# ...#
#....# ....
#....# ....#
###### ######


You could see Duvessa, Dowan and a dart slug.


Message History

Duvessa is lightly wounded.
Duvessa hits you with a +2 vampiric rapier!
* * * LOW HITPOINT WARNING * * *
Duvessa draws strength from your wounds!
Dowan hits you with a +0 dagger!
* * * LOW HITPOINT WARNING * * *
You closely miss Duvessa.
Duvessa is lightly wounded.
Duvessa hits you with a +2 vampiric rapier!
* * * LOW HITPOINT WARNING * * *
Unknown command.
You feel less invigorated.
You feel less confused. The dart slug misses you.
Duvessa says, "My weaknesses are his strengths!"
Unknown command.
You hit Duvessa. You tail-slap Duvessa!
Duvessa is moderately wounded.
The dart slug closely misses you. Dowan barely misses you.
Unknown command.
You hit Duvessa.
Your tail-slap misses Duvessa.
Duvessa is heavily wounded.
Duvessa hits you with a +2 vampiric rapier!
* * * LOW HITPOINT WARNING * * *
Unknown command.
You closely miss Duvessa.
Duvessa is heavily wounded.
The dart slug barely misses you.
Duvessa hits you with a +2 vampiric rapier!
You die...

Skill      XL: |  1  2  3  4  5 |
---------------+----------------+-----
Polearms       | 2 3 4 5 |  5.6
Fighting       | |  5.0
Dodging        | |  1.0
Shields        | |  1.0
Evocations     | |  1.0

Action                   |  1- 3 |  4- 6 || total
-------------------------+-------+-------++-------
Melee: Spear             |   151 |   121 ||   272
       Tailslap          |    16 |    19 ||    35
Throw: Javelin           |       |     4 ||     4
  Use: Potion            |     3 |     5 ||     8
       Scroll            |     2 |     6 ||     8
 Stab: Sleeping          |     1 |     1 ||     2
Armor: Robe              |    19 |     9 ||    28
Dodge: Dodged            |    66 |    60 ||   126

Levels and vault maps discovered:
D:1:      moated_graveyard_arrival, layout_basic, serial_shops, shop_statue
D:2:      layout_basic, basic_ecumenical_altar
D:3:      layout_basic, lemuel_doored_altar, ebering_ghost_disaster_area,
          moated_statue, hangedman_glass_teeth, supply_closet_lemuel,
          chequers_arboretum
D:4:      layout_gridville, minmay_temple_entry_mist, serial_shops, shop,
          grunt_decor_cap, nrook_mini_vaults, uniq_duvessa

Notes
Turn   | Place    | Note
-------+----------+-------------------------------------------
     0 | D:1      | demibob the Demonspawn Wanderer began the quest for the
                  | Orb.
     0 | D:1      | demibob set off with the following items: a +0 spear, a
                  | potion of curing {@q1}, a +0 kite shield, a +0 robe
     0 | D:1      | Reached XP level 1. HP: 21/21 MP: 1/1
    33 | D:1      | Found Huadokk's Armour Boutique.
   211 | D:1      | Reached skill level 2 in Polearms
   342 | D:1      | Gained mutation: You have a small tail. [demonic ancestry]
   342 | D:1      | Reached XP level 2. HP: 26/27 MP: 2/2
   730 | D:1      | Reached skill level 3 in Polearms
  1176 | D:1      | Gained mutation: You regenerate a little health from kills.
                  | [demonic ancestry]
  1176 | D:1      | Reached XP level 3. HP: 29/33 MP: 3/3
  1507 | D:2      | HP: 3/33 [adder (2)]
  1909 | D:2      | Reached XP level 4. HP: 34/39 MP: 4/4
  1979 | D:2      | Found a faded altar of an unknown god.
  2010 | D:2      | Reached skill level 4 in Polearms
  2417 | D:2      | HP: 1/39 [gnoll (9)]
  2942 | D:2      | Gained mutation: You regenerate health from kills. [demonic
                  | ancestry]
  2942 | D:2      | Reached XP level 5. HP: 14/44 MP: 5/5
  3363 | D:2      | Prayed at the altar of an unknown god.
  3363 | D:2      | Became a worshipper of Cheibriados the Contemplative
  3363 | D:2      | Reached * piety under Cheibriados
  3569 | D:3      | Found a shimmering blue altar of Sif Muna.
  3722 | D:3      | Noticed a centaur
  3733 | D:3      | HP: 4/44 [centaur (2)]
  3739 | D:3      | Killed a centaur
  3740 | D:3      | Reached skill level 5 in Polearms
  4212 | D:3      | Found a large runed translucent door.
  4212 | D:3      | Found a large runed translucent door.
  4214 | D:3      | Noticed fragbeetle's ghost (amateur OgWr)
  4629 | D:4      | Noticed Duvessa
  4629 | D:4      | Noticed Dowan
  4641 | D:4      | Slain by Duvessa

Vanquished Creatures
  A centaur (D:3)
  4 gnolls (D:2)
  5 adders (D:2)
  3 dart slugs
  5 orcs
  6 endoplasms
  2 giant cockroaches
  9 goblins
  4 hobgoblins
  5 jackals
  3 kobolds (D:1)
  4 quokkas (D:1)
  6 ball pythons
  7 frilled lizards
  5 rats
69 creatures vanquished.

Table legend: (Time is in decaauts)
 A = Elapsed time spent in this place.
 B = Non-inter-level travel time spent in this place.
 C = Inter-level travel time spent in this place.
 D = Time resting spent in this place.
 E = Time spent auto-exploring this place.
 F = Levels seen in this place.
 G = Mean time per level.
                   A        B        C        D        E       F      G
               +--------+--------+--------+--------+--------+-----+--------+
         Total |   4969 |   4876 |     93 |    640 |   3597 |   4 | 1242.2 |
       Dungeon |   4969 |   4876 |     93 |    640 |   3597 |   4 | 1242.2 |
               +--------+--------+--------+--------+--------+-----+--------+

Top non-repeatable levels by time:
     D:1: 1883 daAuts
     D:3: 1575 daAuts
     D:2: 1469 daAuts
     D:4: 41 daAuts

Table legend:
 A = Non-vault XP
 B = Vault XP
 C = Vault XP percentage of total XP
 D = Non-vault monster count
 E = Vault monster count
 F = Vault count percentage of total count
                 A         B        C        D         E       F
            +---------+---------+-------+---------+---------+-------
      Total |     352 |       0 |   0.0 |      69 |       0 |   0.0
            +---------+---------+-------+---------+---------+-------
        D:1 |      53 |       0 |   0.0 |      31 |       0 |   0.0
        D:2 |     149 |       0 |   0.0 |      25 |       0 |   0.0
        D:3 |     147 |       0 |   0.0 |      12 |       0 |   0.0
        D:4 |       3 |       0 |   0.0 |       1 |       0 |   0.0
            +---------+---------+-------+---------+---------+-------
